 Dungeon Crawl Stone Soup version 0.27.1-4-g1640c2035a (webtiles) character file.

Game seed: 12981700212932050345

45 raph the Digger (level 3, -3/20 HPs)
             Began as a Deep Elf Earth Elementalist on Nov 1, 2021.
             Killed by divine providence
             ... invoked by an orc priest
              (10 damage)
             ... on level 2 of the Dungeon.
             The game lasted 00:04:42 (2080 turns).

raph the Digger (Deep Elf Earth Elementalist)       Turns: 2080, Time: 00:04:43

Health: -3/20      AC:  2    Str: 11    XL:     3   Next: 42%
Magic:  1/9        EV: 13    Int: 20    God:
Gold:   42         SH:  0    Dex: 15    Spells: 1/8 levels left

rFire    . . .     SeeInvis .   a - +0 dagger
rCold    . . .     Faith    .   (no shield)
rNeg     . . .     Spirit   .   b - +0 robe
rPois    .         Reflect  .   (no helmet)
rElec    .         Harm     .   (no cloak)
rCorr    .         Rampage  .   (no gloves)
Will     .....                  (no boots)
Stlth    ++........             (no amulet)
HPRegen  0.06/turn              h - +6 ring of strength
MPRegen  0.11/turn              (no ring)

@: no status effects
A: no striking features
a: no special abilities


You were on level 2 of the Dungeon.
You visited 1 branch of the dungeon, and saw 2 of its levels.

You collected 42 gold pieces.

Inventory:

Hand Weapons
 a - a +0 dagger (weapon)
Armour
 b - a +0 robe (worn)
Jewellery
 h - a +6 ring of strength (left hand)
 i - a ring of flight
Scrolls
 d - a scroll of fear {unknown}
 e - a scroll of summoning {unknown}
 f - 3 scrolls of identify {unknown}
 j - a scroll of noise {unknown}
 k - a scroll of magic mapping {unknown}
Potions
 g - a potion of invisibility {unknown}


   Skills:
 + Level 0.7 Fighting
 + Level 2.8 Dodging
 + Level 3.1 Stealth
 + Level 3.4 Spellcasting
 * Level 0.1 Conjurations
 * Level 0.2 Necromancy
 - Level 1.1 Transmutations
 * Level 3.9 Earth Magic


You had one spell level left.
You knew the following spells:

 Your Spells              Type           Power      Damage    Failure   Level
a - Sandblast             Erth           38%        2d10      2%          1
b - Passwall              Tmut/Erth      10%        N/A       8%          2
c - Stone Arrow           Conj/Erth      22%        3d8       19%         3
d - Animate Skeleton      Necr           8%         N/A       13%         1

Your spell library contained the following spells:

 Spells                   Type           Power      Damage    Failure   Level
 Pain                     Necr           16%        1d4       13%         1
 Vampiric Draining        Necr           2%         2d6       36%         3
 Petrify                  Tmut/Erth      13%        N/A       43%         4


Dungeon Overview and Level Annotations

Branches:
Dungeon (2/15)

Altars:


Message History

You kill the orc!
Aiming: Sandblast (safe; 2% risk of failure)
Press: ? - help, Q - select action, (/) - cycle Shift-Dir - straight line, f - orc
Aim: an orc, wielding a +0 dagger and wearing a +0 chain mail (85% to hit)
The blast of sand hits the orc.
The orc is heavily wounded.
The orc barely misses you.
Aiming: Sandblast (safe; 2% risk of failure)
Press: ? - help, Q - select action, (/) - cycle Shift-Dir - straight line, f/p - orc
Aim: an orc, wielding a +0 dagger and wearing a +0 chain mail (heavily wounded, 85% to hit)
The blast of sand hits the orc but does no damage.
The orc is heavily wounded.
The orc hits you with a +0 dagger.
Aiming: Sandblast (safe; 2% risk of failure)
Press: ? - help, Q - select action, (/) - cycle Shift-Dir - straight line, f/p - orc
Aim: an orc, wielding a +0 dagger and wearing a +0 chain mail (heavily wounded, 85% to hit)
The blast of sand hits the orc.
You kill the orc!
You now have no stones remaining.
The orc priest casts a cantrip, but nothing happens.
You don't have any stones to cast with.
Unknown command.
You don't have any stones to cast with.
Unknown command.
You don't have any stones to cast with.
Unknown command.
Casting: Sandblast (safe; 2% risk of failure)
Confirm with . or Enter, or press ? or * to list all spells.
Aiming: Stone Arrow (extremely dangerous; 19% risk of failure)
Press: ? - help, Shift-Dir - straight line, f - orc priest
Aim: an orc priest, wielding a +0 falchion and wearing a +0 scale mail (72% to hit)
The stone arrow hits the orc priest.
The orc priest is moderately wounded.
The orc priest hits you with a +0 falchion.
You barely miss the orc priest.
The orc priest is moderately wounded.
The orc priest invokes the aid of Beogh against you.
Beogh smites you!
Ouch! That really hurt!
You die...

#.. ... #. ########### #####
..........## ##(...
..........)#####..#
)..........o@....############
..........>.)...)............
............#################
............# ....o..<....#
....l..(...## ..........##
###########


You could see an orc priest.

Vanquished Creatures
  A dart slug (D:1)
  4 orcs
  2 ball pythons
  2 endoplasms (D:1)
  3 giant cockroaches (D:1)
  4 goblins
  A hobgoblin (D:1)
  3 jackals (D:2)
  2 quokkas
  A bat (D:2)
  2 frilled lizards (D:2)
  5 kobolds (D:1)
  5 rats
35 creatures vanquished.

Notes
Turn   | Place    | Note
-------+----------+-------------------------------------------
     0 | D:1      | raph the Deep Elf Earth Elementalist began the quest for
                  | the Orb.
     0 | D:1      | Reached XP level 1. HP: 10/10 MP: 6/6
   129 | D:1      | Reached XP level 2. HP: 15/15 MP: 6/8
   423 | D:1      | Found a faded altar of an unknown god.
   983 | D:1      | Reached XP level 3. HP: 12/20 MP: 5/9
  1608 | D:2      | Learned a level 2 spell: Passwall
  1612 | D:2      | Learned a level 3 spell: Stone Arrow
  1614 | D:2      | Learned a level 1 spell: Animate Skeleton
  2080 | D:2      | Killed from afar by an orc priest

Illustrated notes

Levels and vault maps discovered:
D:1:      lightli_iron_boxes, layout_basic, shapermc_ecumenical_altar_petra,
          minmay_strange_pillars
D:2:      layout_rooms

Skill      XL: |  1  2 |
---------------+-------+-----
Stealth        | 3 |  3.1
Fighting       | |  0.7
Dodging        | |  2.8
Spellcasting   | |  3.4
Conjurations   | |  0.1
Necromancy     | |  0.2
Transmutations | |  1.1
Earth Magic    | |  3.9

Action                   || total
-------------------------++-------
Melee: Dagger            ||    13
 Cast: Sandblast         ||    47
       Animate Skeleton  ||     2
       Stone Arrow       ||     2
Armor: Robe              ||     3
Dodge: Dodged            ||    16
